 Dungeon Crawl Stone Soup version 0.22-a0-278-g8f80174 (webtiles) character file.

432 GizzardofKazz the Carver (level 6, 0/76 HPs)
             Began as a Minotaur Berserker on Mar 16, 2018.
             Was a Priest of Trog.
             Slain by Menkaure (19 damage)
             ... on level 4 of the Dungeon.
             The game lasted 00:09:34 (2591 turns).

GizzardofKazz the Carver (Minotaur Berserker)       Turns: 2591, Time: 00:09:35

Health: 0/76       AC:  3    Str: 27    XL:     6   Next: 67%
Magic:  5/5        EV: 12    Int:  4    God:    Trog [***...]
Gold:   132        SH:  0    Dex: 11    Spells: 5/5 levels left

rFire    . . .     SeeInvis .   p - +0 scimitar
rCold    . . .     Gourm    .   (no shield)
rNeg     . . .     Faith    .   h - +0 leather armour
rPois    .         Spirit   .   (helmet restricted)
rElec    .         Reflect  .   (no cloak)
rCorr    .         Harm     .   (no gloves)
MR       .....                  (no boots)
Stlth    ..........             (no amulet)
HPRegen  0.22/turn              (no ring)
MPRegen  0.09/turn              (no ring)

@: berserking (expiring), lethally poisoned (0 -> -2), very quick
A: retaliatory headbutt, horns 2
a: Berserk, Trog's Hand, Renounce Religion


You were on level 4 of the Dungeon.
You worshipped Trog.
Trog was most pleased with you.
You were hungry.

You visited 1 branch of the dungeon, and saw 4 of its levels.

You collected 132 gold pieces.

Inventory:

Hand Weapons
 p - a +0 scimitar (weapon)
Armour
 h - a +0 leather armour (worn)
Scrolls
 e - a scroll of teleportation
 f - 2 scrolls of fear
 g - 2 scrolls of remove curse
 k - a scroll of enchant armour {unknown}
 n - a scroll of magic mapping {unknown}
 q - a scroll of amnesia {unknown}
 r - 2 scrolls of random uselessness {unknown}
 s - a scroll of immolation {unknown}
Potions
 a - 2 potions of heal wounds
 d - a potion of resistance
 i - a potion of curing
 j - a potion of ambrosia
 l - a potion of might {unknown}
 o - a potion of flight {unknown}
Comestibles
 b - 2 chunks of flesh
 c - 6 rations


   Skills:
 - Level 3.6 Fighting
 + Level 9.2 Long Blades
 - Level 2.4 Armour
 - Level 2.1 Dodging


You had 5 spell levels left.
You didn't know any spells.

Dungeon Overview and Level Annotations

Branches:
Dungeon (4/15)
 Temple: D:4-7

Altars:

Annotations:
D:4 Menkaure


Innate Abilities, Weirdness & Mutations

You reflexively headbutt those who attack you in melee.
You have a pair of horns on your head.


Message History

A red film seems to cover your vision as you go berserk!
You feel yourself moving faster!
You feel mighty!
You are feeling hungry.
An adder comes into view.
You feel a strong urge to attack something.
You feel sick.
You closely miss the adder. Your headbutt misses the adder.
The adder bites you.
Menkaure points at you and mumbles some strange words.
Pain shoots through your body!
You slash the adder!
You kill the adder!
Trog accepts your kill.
You hit Menkaure but do no damage. Your headbutt misses Menkaure.
Menkaure hits you!
* * * LOW HITPOINT WARNING * * *
You hit Menkaure.
Menkaure is moderately damaged.
You feel sick. Menkaure hits you!!
You die...

#..# #..# #$# #..# #.#
#..# ..#####..#
#.#......# #
#.#<####.####
.?.##.#####.#.# #....#
.......@....#.#######.##
...##.M...†.............
#########.#######.## #.#
#.# #.#######.##
######........<..
#..............##
#.####..#########
######.####..####.....


You could see Menkaure.

Vanquished Creatures
  The ghost of Kingkept the Conjurer, an amateur DrFE (D:3)
  A scorpion (D:4)
  An orc wizard (D:3)
  A bullfrog skeleton (D:4)
  Robin (D:2)
  11 adders
  An ooze (D:3)
  3 worms
  A dart slug (D:2)
  2 leopard geckos
  10 orcs
  8 bats
  2 giant cockroaches
  12 goblins
  6 hobgoblins
  6 kobolds
  A ball python (D:3)
  4 frilled lizards
  8 rats
80 creatures vanquished.

Vanquished Creatures (others)
  5 toadstools (D:1)
5 creatures vanquished.

Grand Total: 85 creatures vanquished

Notes
Turn   | Place    | Note
-------+----------+-------------------------------------------
     0 | D:1      | GizzardofKazz the Minotaur Berserker began the quest for the Orb.
     0 | D:1      | Reached XP level 1. HP: 19/19 MP: 0/0
    94 | D:1      | Reached skill level 4 in Long Blades
   308 | D:1      | Reached XP level 2. HP: 21/26 MP: 1/1
   952 | D:2      | Reached skill level 5 in Long Blades
   952 | D:2      | Reached XP level 3. HP: 28/31 MP: 2/2
  1010 | D:2      | Reached ** piety under Trog
  1353 | D:2      | Noticed Robin
  1366 | D:2      | Killed Robin
  1366 | D:2      | Reached skill level 6 in Long Blades
  1366 | D:2      | Reached XP level 4. HP: 39/39 MP: 3/3
  1666 | D:3      | Reached skill level 7 in Long Blades
  1666 | D:3      | Reached XP level 5. HP: 31/45 MP: 4/4
  1984 | D:3      | Reached *** piety under Trog
  2179 | D:3      | Noticed Kingkept's ghost (amateur DrFE)
  2196 | D:3      | Killed Kingkept's ghost
  2196 | D:3      | Reached skill level 8 in Long Blades
  2196 | D:3      | Reached XP level 6. HP: 39/51 MP: 5/5
  2581 | D:4      | Reached skill level 9 in Long Blades
  2582 | D:4      | Noticed Menkaure
  2591 | D:4      | Slain by Menkaure

Vault maps used:
D:1:      ldierk_walled_garden
D:2:      uniq_robin
D:3:      first_ration
D:4:      nicolae_overflow_hidden_temple, uniq_menkaure

Skill      XL: |  1  2  3  4  5  6 |
---------------+-------------------+-----
Long Blades    | 4 5 6 7 8 9 |  9.2
Fighting       | |  3.6
Armour         | |  2.4
Dodging        | |  2.1

Action                   |  1- 3 |  4- 6 || total
-------------------------+-------+-------++-------
Melee: Falchion          |    68 |     9 ||    77
       Headbutt          |     6 |     9 ||    15
       Scimitar          |       |    78 ||    78
Invok: Berserk           |     1 |     3 ||     4
  Use: Potion            |     1 |       ||     1
       Scroll            |       |     6 ||     6
  Eat: Chunk             |     1 |     7 ||     8
Armor: Animal skin       |    16 |    13 ||    29
       Leather armour    |       |     4 ||     4
Dodge: Dodged            |    53 |    48 ||   101
       Rpst.: Falchion   |    12 |       ||    12
       Scimitar          |       |    11 ||    11

Table legend:
 A = Spawn XP
 B = Non-spawn XP
 C = Spawn XP percentage of total XP
 D = Spawn monster count
 E = Non-spawn monster count
 F = Spawn count percentage of total count
 G = Total turns spent on level
                    A         B        C        D         E        F      G
               +---------+---------+-------+---------+---------+-------+---------
         Total |       0 |     618 |   0.0 |       0 |      80 |   0.0 |  2591
               +---------+---------+-------+---------+---------+-------+---------
           D:1 |       0 |      17 |   0.0 |       0 |      10 |   0.0 |   833
           D:2 |       0 |     108 |   0.0 |       0 |      31 |   0.0 |   757
           D:3 |       0 |     338 |   0.0 |       0 |      28 |   0.0 |   768
           D:4 |       0 |     155 |   0.0 |       0 |      11 |   0.0 |   233
               +---------+---------+-------+---------+---------+-------+---------
